 Dungeon Crawl Stone Soup version 0.18-a0-824-g47fe746 (webtiles) character file.

363 4thArraOfDagon the Covert (level 6, 0/25 HPs)
             Began as a Felid Fighter on Dec 17, 2015.
             Was a Follower of Cheibriados.
             Slain by a bat (1 damage)
             ... on level 2 of the Dungeon.
             The game lasted 00:09:35 (1845 turns).

4thArraOfDagon the Covert (Felid Fighter)           Turns: 1845, Time: 00:09:36

Health: 0/25       AC:  2    Str: 14    XL:     6   Next: 39%
Magic:  7/7        EV: 22    Int: 11    God:    Cheibriados [*.....]
Gold:   117        SH:  0    Dex: 20    Spells: 0 memorised, 5 levels left
                                        Lives:  0   Deaths: 2

rFire  + . .     SeeInvis +       - Unarmed
rCold  + . .     Gourm    .     (armour unavailable)
rNeg   . . .     Faith    .     (shield unavailable)
rPois  +         Spirit   .     (helmet unavailable)
rElec  .         Dismiss  .     (cloak unavailable)
rCorr  .         Reflect  .     (gloves unavailable)
SustAt .         Harm     .     (boots unavailable)
MR     .....                    (no amulet)
Stlth  +++++.....               a - ring of poison resistance
                                h - ring of wizardry

@: slow, not resistant to hostile enchantments, quite stealthy
A: no armour, no weapons or thrown items, claws 1, fangs 3, see invisible,
carnivore 3, cold resistance 1, fire resistance 1, speed 1, frail 1, shaggy fur
2, slow regeneration 1, slow metabolism 1, sharp paws
a: Bend Time, Renounce Religion


You were on level 2 of the Dungeon.
You worshipped Cheibriados.
Cheibriados was aware of your devotion.
You were very full.

You visited 2 branches of the dungeon, and saw 8 of its levels.

You collected 117 gold pieces.

Inventory:

Jewellery
 a - a ring of poison resistance (right paw)
 h - a ring of wizardry (left paw)
Scrolls
 c - a scroll of enchant weapon {unknown}
 d - 2 scrolls of blinking {unknown}
 e - 3 scrolls of identify
 g - 4 scrolls of remove curse {unknown}
 i - 2 scrolls of teleportation {unknown}
 k - 2 scrolls of fear {unknown}
Potions
 f - a potion of cure mutation
Books
 j - a Necronomicon

   Spells                             Type                      Level
   a - Haunt                          Necromancy/Summoning         7
   b - Borgnjor's Revivification      Necromancy                   8
   c - Death's Door                   Charms/Necromancy            8
   d - Necromutation                  Transmutation/Necromancy     8
Comestibles
 b - 2 meat rations
 m - 2 beef jerkies


   Skills:
 + Level 4.2 Fighting
 + Level 5.4 Dodging
 * Level 8.7 Stealth
 * Level 5.7 Unarmed Combat
 + Level 0.0 Invocations


You had 5 spell levels left.
You didn't know any spells.

Dungeon Overview and Level Annotations

Branches:
Dungeon (7/15)             Temple (1/1) D:7

Altars:
Cheibriados
Fedhas
Gozag
Makhleb
Nemelex Xobeh
Okawaru
Ru
Sif Muna
Trog
Xom
Yredelemnul

Annotations:
D:4 Pikel
D:5 Eustachio


Innate Abilities, Weirdness & Mutations

You cannot wear armour.
You are incapable of wielding weapons or throwing items.
You have sharp claws.
You have razor-sharp teeth.
You have supernaturally acute eyesight.
You are carnivorous and can eat meat at any time.
You cover ground quickly.
You are covered in thick fur (AC +2).
You have a slow metabolism.
Your sharp claws are effective at attacking unaware monsters.
Your flesh is cold resistant.
Your flesh is heat resistant.
You are frail (-10% HP).
You regenerate slowly when monsters are visible.


Message History

Unknown command.
You scratch the goblin.
The goblin is almost dead.
The goblin misses you. The kobold hits you.
* * * LOW HITPOINT WARNING * * *
Unknown command.
You barely miss the goblin.
The goblin is almost dead.
The bat hits you.
* * * LOW HITPOINT WARNING * * *
The goblin misses you. The bat misses you.
Unknown command.
Unknown command.
You scratch the goblin.
You kill the goblin!
Cheibriados thoroughly appreciates the change of pace.
The bat completely misses you. The kobold hits you.
* * * LOW HITPOINT WARNING * * *
The bat hits you.
You die...

....# #..# .††.# ##.##
....# #†.# .#### ##†###
.# #...## .. # #########
###..# .#.. #..#.......#
##.# ...# ......b....#
#.### ##.# #[...@(.(#
##...# .# #.....K)..(#
#...## .
###........######.###
##.........>....##...
#..................#
...............########
####.......###.........#
#.......# #.........#
######### #.........#


You could see a bat and a kobold.

Vanquished Creatures
  Sigmund (D:5)
  A water moccasin (D:3)
  A sky beast (D:6)
  A centaur (D:6)
  2 hounds
  A giant frog zombie (D:5)
  An iguana (D:5)
  3 worker ants
  Ijyb (D:2)
  An orc wizard (D:7)
  3 adders
  A shadow imp (D:5)
  2 worms (D:2)
  A giant gecko (D:2)
  16 orcs
  4 ball pythons
  4 giant cockroaches
  4 goblins
  4 hobgoblins
  11 jackals
  2 kobolds
  2 bats
  A giant gecko zombie (D:6)
  2 giant newts (D:3)
  2 rats
72 creatures vanquished.

Notes
Turn   | Place    | Note
--------------------------------------------------------------
     0 | D:1      | 4thArraOfDagon the Felid Fighter began the quest for the Orb.
     0 | D:1      | Reached XP level 1. HP: 10/10 MP: 2/2
    38 | D:1      | Reached skill level 1 in Stealth
   186 | D:1      | Reached XP level 2. HP: 11/14 MP: 3/3
   234 | D:2      | Found a basalt altar of Yredelemnul.
   235 | D:2      | Found an opulent altar of Gozag.
   357 | D:2      | Reached XP level 3. HP: 12/17 MP: 4/4
   600 | D:4      | Noticed Pikel
   600 | D:4      | Noticed a slave
   600 | D:4      | Noticed a slave
   600 | D:4      | Noticed a slave
   600 | D:4      | Noticed a black bear
   601 | D:4      | Noticed a slave
   602 | D:5      | Entered Level 5 of the Dungeon
   630 | D:5      | Reached skill level 5 in Stealth
   647 | D:5      | Reached XP level 4. HP: 17/21 MP: 5/5
   738 | D:5      | Noticed Eustachio
   888 | D:5      | Noticed Sigmund
   909 | D:5      | Reached skill level 6 in Stealth
   915 | D:5      | Reached XP level 5. HP: 8/24 MP: 6/6
   955 | D:4      | Found a deep blue altar of Sif Muna.
  1051 | D:6      | Noticed a sky beast
  1056 | D:6      | Killed a sky beast
  1056 | D:6      | Gained mutation: You are covered in thick fur (AC +2). [Felid growth]
  1056 | D:6      | Reached XP level 6. HP: 17/28 MP: 7/7
  1067 | D:6      | Gained mutation: Your flesh is heat resistant. [mutagenic meat]
  1068 | D:6      | Gained mutation: You are frail (-10% HP). [mutagenic meat]
  1069 | D:6      | Gained mutation: You regenerate slowly when monsters are visible. [mutagenic meat]
  1070 | D:6      | Slain by an orc wizard
  1071 | D:6      | Reached XP level 5. HP: -2/21 MP: 6/6
  1071 | D:6      | Gained mutation: Your flesh is cold resistant. [mutagenic meat]
  1093 | D:6      | fail
  1124 | D:6      | Noticed a centaur
  1127 | D:6      | Killed a centaur
  1127 | D:6      | Reached skill level 7 in Stealth
  1213 | D:7      | Noticed an ice beast
  1310 | D:7      | Reached XP level 6. HP: 22/25 MP: 7/7
  1316 | D:7      | Found a staircase to the Ecumenical Temple.
  1323 | Temple   | Entered the Ecumenical Temple
  1332 | Temple   | Became a worshipper of Cheibriados the Contemplative
  1411 | D:6      | Found a sparkling altar of Nemelex Xobeh.
  1452 | D:5      | Reached skill level 5 in Unarmed Combat
  1474 | D:5      | Killed Sigmund
  1474 | D:5      | Reached skill level 5 in Dodging
  1474 | D:5      | Reached skill level 8 in Stealth
  1544 | D:3      | Noticed a water moccasin
  1563 | D:3      | Killed a water moccasin
  1563 | D:3      | Reached XP level 7. HP: 19/28 MP: 8/8
  1576 | D:3      | Slain by an orc
  1577 | D:3      | Reached XP level 6. HP: -2/25 MP: 7/7
  1697 | D:2      | RIP
  1712 | D:2      | Noticed Ijyb
  1717 | D:2      | Killed Ijyb
  1763 | D:2      | Reached * piety under Cheibriados
  1845 | D:2      | HP: 1/25 [kobold (4)]
  1845 | D:2      | Slain by a bat

Vault maps used:
D:1:      dpeg_arrival_shelter, minmay_bisected
D:2:      minitemple, uniq_iyjb
D:3:      first_bread, hex_large, minivault_25, cheibrodos_gnoll_hut
D:4:      nicolae_overflow_crystal_walls, serial_shops, shop, minivault_14,
          makhleb_blood_cavern_becter, uniq_pikel, uniq_duvessa
D:5:      uniq_eustachio, uniq_sigmund
D:6:      lemuel_castle_with_subvaults, nicolae_overflow_hidden_temple,
          grunt_temple_overflow_open, basic_altar
D:7:      minmay_temple_entry_junction2
Temple:   circular_temple_12

Action                   |  1- 3 |  4- 6 |  7- 9 || total
-------------------------+-------+-------+-------++-------
Melee: Unarmed           |    93 |   132 |    10 ||   235
  Use: Potion            |     2 |     6 |       ||     8
       Scroll            |       |     2 |       ||     2
 Stab: Sleeping          |     4 |    11 |       ||    15
  Eat: Chunk             |     6 |    16 |       ||    22
